[Event "Titled Tuesday Blitz January 31 Early 2023"]
[White "Deac, Bogdan-Daniel"]
[Black "Hakobyan, Aram"]
[WhiteFideId "1226380"]
[BlackFideId "13306677"]
[WhiteElo "2700"]
[BlackElo "2608"]
[Result "0-1"]
[Round "08"]
[TimeControl "180+2"]
[Date "2023.01.31"]
[WhiteClock "0:00:02"]
[BlackClock "0:01:05"]

1. c4 Nf6 2. Nf3 e6 3. g3 b6 4. Bg2 Bb7 5. O-O g6 6. d4 Bg7 7. Bf4 O-O 8. Qc2 Be4 9. Qc1 Bb7 10. Rd1 d6 11. Qc2 Be4 12. Qb3 Nc6 13. Nbd2 Na5 14. Qc3 Bb7 15. b4 Nc6 16. b5 Ne7 17. Qc2 h6 18. e4 g5 19. Be3 Ng4 20. Nb3 Nxe3 21. fxe3 f5 22. exf5 Nxf5 23. Qe2 g4 24. Ne1 Bxg2 25. Nxg2 h5 26. e4 Nh6 27. Nf4 Qe8 28. Rac1 Nf7 29. Nxh5 Ng5 30. Qxg4 Qg6 31. Kh1 Rf2 32. Rf1 Raf8 33. Rxf2 Rxf2 34. Nxg7 Nf3 35. Qh3 Rxh2+ 36. Qxh2 Nxh2 37. Kxh2 Qh6+ 38. Kg2 Kxg7 39. Re1 Qh5 40. Nd2 a6 41. a4 axb5 42. axb5 Qh8 43. Ra1 Qh6 44. Nf1 Qg6 45. Re1 Qf6 46. e5 Qf5 47. exd6 cxd6 48. Nd2 Qd3 49. Re2 Qxe2+ 0-1


[Site "https://www.chess.com"]

[Event "Titled Tuesday Blitz January 31 Early 2023"]
[White "Begmuratov, Khumoyun"]
[Black "Bortnyk, Olexandr"]
[WhiteFideId "14210207"]
[BlackFideId "14120828"]
[WhiteElo "2387"]
[BlackElo "2605"]
[Result "0-1"]
[Round "08"]
[TimeControl "180+2"]
[Date "2023.01.31"]
[WhiteClock "0:00:03"]
[BlackClock "0:00:33"]

1. e4 Nf6 2. Nc3 d5 3. exd5 Nxd5 4. Nf3 Nxc3 5. bxc3 g6 6. d4 Bg7 7. Be2 O-O 8. O-O c5 9. Be3 Qa5 10. Qd2 Rd8 11. Rfd1 cxd4 12. cxd4 Qxd2 13. Rxd2 Nc6 14. Rb1 b6 15. c4 Bf5 16. Rc1 Rac8 17. h3 h6 18. d5 Na5 19. Nd4 Bd7 20. Nb3 Nb7 21. c5 bxc5 22. Nxc5 Nxc5 23. Rxc5 Bf6 24. Rdc2 Rb8 25. Ra5 Bf5 26. Rc1 Be4 27. Rxa7 Bxd5 28. a4 Rdc8 29. Rxc8+ Rxc8 30. a5 Rc2 31. Bf1 Ra2 32. a6 Ra1 33. Rc7 Be4 34. g3 Bb2 35. a7 e5 36. Rc4 Bf3 37. Bxh6 Rxa7 38. Rb4 Bd4 39. Be3 Ra1 40. Rb8+ Kg7 41. Rb4 Bxe3 42. fxe3 Be2 43. Kf2 Bxf1 44. Re4 Bxh3 45. Rxe5 Bg4 46. e4 Ra2+ 47. Ke3 Ra3+ 48. Kf4 Be2 49. Rb5 Bxb5 0-1


[Site "https://www.chess.com"]

[Event "Titled Tuesday Blitz January 31 Early 2023"]
[White "Martinez Alcantara, Jose Eduardo"]
[Black "Babazada, Khazar"]
[WhiteFideId "3805662"]
[BlackFideId "13413554"]
[WhiteElo "2619"]
[BlackElo "2474"]
[Result "0-1"]
[Round "08"]
[TimeControl "180+2"]
[Date "2023.01.31"]
[WhiteClock "0:00:40"]
[BlackClock "0:00:38"]

1. e4 g6 2. d4 Bg7 3. c3 d6 4. Nf3 Nf6 5. Bd3 O-O 6. h3 Nbd7 7. O-O e5 8. Re1 b6 9. Bg5 Bb7 10. Nbd2 h6 11. Bh4 Qe8 12. Bg3 Nh5 13. Bh2 Nf4 14. Bxf4 exf4 15. a4 a5 16. Qc2 Qe7 17. Re2 Rfe8 18. Rae1 Nf8 19. Bb5 c6 20. Bd3 Ne6 21. Qb3 Qc7 22. e5 d5 23. Qa2 Bf8 24. Qb1 Ba6 25. Bxa6 Rxa6 26. Qd3 Raa8 27. Nf1 Reb8 28. N1h2 h5 29. g4 fxg3 30. fxg3 b5 31. Rf1 bxa4 32. Nh4 Bg7 33. Ref2 Rf8 34. g4 Qe7 35. Ng2 h4 36. Nf3 c5 37. Nfxh4 cxd4 38. cxd4 Rab8 39. Nf3 Rb3 40. Qa6 a3 41. bxa3 Qxa3 0-1


[Site "https://www.chess.com"]

[Event "Titled Tuesday Blitz January 31 Early 2023"]
[White "So, Wesley"]
[Black "Bruzon Batista, Lazaro"]
[WhiteFideId "5202213"]
[BlackFideId "3503739"]
[WhiteElo "2760"]
[BlackElo "2611"]
[Result "1-0"]
[Round "08"]
[TimeControl "180+2"]
[Date "2023.01.31"]
[WhiteClock "0:00:18"]
[BlackClock "0:00:06"]

1. d4 Nf6 2. c4 e6 3. Nc3 Bb4 4. e3 O-O 5. Bd2 d5 6. Nf3 c5 7. a3 Bxc3 8. Bxc3 Ne4 9. Rc1 Nxc3 10. Rxc3 cxd4 11. Nxd4 dxc4 12. Bxc4 Bd7 13. O-O Nc6 14. Nf3 Qe7 15. Bd3 Rfd8 16. Qc2 h6 17. Rc1 Be8 18. b4 a6 19. Be4 Rd6 20. h3 Rad8 21. Kh2 Qf6 22. Rc5 Qe7 23. Qc3 Qf6 24. Qc2 Qe7 25. Qc3 Qf6 26. Qxf6 gxf6 27. g4 Kg7 28. Kg3 Rd1 29. Bxc6 Bxc6 30. Nd4 Rxc1 31. Rxc1 Be4 32. Rc7 Kf8 33. f3 Bd5 34. Kf2 Ke8 35. Ke2 Rd7 36. Rc8+ Rd8 37. Rc5 b6 38. Rc7 Rd7 39. Rc8+ Rd8 40. Rc7 Rd7 41. Rc3 Bb7 42. Kf2 Kd8 43. Kg3 Rd5 44. f4 h5 45. Kh4 hxg4 46. hxg4 Bc8 47. Rc6 b5 48. Rc3 Bd7 49. Nb3 e5 50. Nc5 Bc8 51. f5 Rd1 52. Ne4 Bb7 53. Nxf6 Ke7 54. Ng8+ Kd6 55. Nf6 Ke7 56. Kg5 Kd6 57. Ne8+ Kd7 58. Nf6+ Kd6 59. e4 Rd4 60. Re3 Ke7 61. Ng8+ Kf8 62. Nf6 Ke7 63. Rc3 Bxe4 64. Rc7+ Kf8 65. Nd7+ Ke8 66. Nxe5 Bd5 67. Kf6 Kd8 68. Rd7+ Kc8 69. Rd6 Kc7 70. Nxf7 Rxg4 71. Rxd5 1-0


[Site "https://www.chess.com"]

[Event "Titled Tuesday Blitz January 31 Early 2023"]
[White "Kozak, Adam"]
[Black "Pakleza, Zbigniew"]
[WhiteFideId "753246"]
[BlackFideId "1119290"]
[WhiteElo "2572"]
[BlackElo "2494"]
[Result "1-0"]
[Round "08"]
[TimeControl "180+2"]
[Date "2023.01.31"]
[WhiteClock "0:00:04"]
[BlackClock "0:00:01"]

1. c4 c6 2. Nc3 d5 3. e3 Nf6 4. Nf3 Bg4 5. cxd5 Bxf3 6. Qxf3 cxd5 7. Bb5+ Nc6 8. Bxc6+ bxc6 9. b3 e6 10. Bb2 Be7 11. O-O O-O 12. Rfc1 c5 13. Na4 Rc8 14. Rc2 c4 15. Rac1 Qd7 16. Qd1 cxb3 17. axb3 h6 18. h3 Qb7 19. Nc5 Qb5 20. Bxf6 Bxf6 21. d4 Be7 22. Qg4 Rc6 23. Qd1 Rfc8 24. Rc3 Bd8 25. Qd3 Qa5 26. R3c2 Bb6 27. Nb7 Rxc2 28. Rxc2 Qe1+ 29. Kh2 Rc7 30. Nc5 g6 31. g3 h5 32. h4 Kh7 33. Kg2 Qb1 34. Qc3 Qd1 35. b4 Qb1 36. Qb2 Qd1 37. Rd2 Qg4 38. Rc2 Qf5 39. Qc3 Re7 40. Qd3 Qf6 41. Qe2 Re8 42. Qf3 Qe7 43. Nd3 Kg7 44. b5 Bc7 45. Rc6 Bd6 46. Qe2 Rd8 47. Qc2 Rb8 48. Qa4 Rb7 49. Qa6 Rd7 50. Nc5 Rd8 51. Nb7 Bb8 52. Nxd8 Qxd8 53. Qc8 Qa5 54. Qxb8 Qd2 55. Qe5+ 1-0


[Site "https://www.chess.com"]

[Event "Titled Tuesday Blitz January 31 Early 2023"]
[White "Tactrics"]
[Black "Shimanov, Aleksandr"]
[BlackFideId "4198603"]
[WhiteElo "2800"]
[BlackElo "2581"]
[Result "0-1"]
[Round "08"]
[TimeControl "180+2"]
[Date "2023.01.31"]
[WhiteClock "0:00:12"]
[BlackClock "0:00:18"]

1. e4 d5 2. exd5 Qxd5 3. Nc3 Qe5+ 4. Be2 Bg4 5. d4 Bxe2 6. Ngxe2 Qa5 7. O-O Nf6 8. Bd2 Nc6 9. Ne4 Qd5 10. Nxf6+ gxf6 11. Be3 O-O-O 12. Nf4 Qf5 13. d5 e6 14. c4 Bd6 15. dxc6 Bxf4 16. Qa4 Bxe3 17. fxe3 Qc5 18. cxb7+ Kb8 19. Rxf6 Qxe3+ 20. Kh1 Rhg8 21. Raf1 Rd2 22. Qc6 Rdxg2 23. Qxg2 Rxg2 24. Kxg2 Qe4+ 25. Kg3 Qxc4 26. Rxf7 Qxa2 27. Rxh7 Qxb2 28. Rff7 Qc3+ 29. Kf4 a5 30. Rxc7 Qxc7+ 31. Rxc7 Kxc7 32. Ke3 a4 33. Kd3 e5 34. h4 e4+ 35. Kc2 e3 36. h5 e2 37. Kd2 a3 38. h6 a2 39. h7 a1=Q 0-1


[Site "https://www.chess.com"]

[Event "Titled Tuesday Blitz January 31 Early 2023"]
[White "Bacrot, Etienne"]
[Black "Mosadeghpour, Masoud"]
[WhiteFideId "605506"]
[BlackFideId "12519278"]
[WhiteElo "2667"]
[BlackElo "2472"]
[Result "1-0"]
[Round "08"]
[TimeControl "180+2"]
[Date "2023.01.31"]
[WhiteClock "0:00:21"]
[BlackClock "0:00:02"]

1. e4 e5 2. Nf3 Nf6 3. Nc3 Nc6 4. Bb5 Nd4 5. Nxd4 exd4 6. e5 dxc3 7. exf6 Qxf6 8. dxc3 c6 9. Bd3 d5 10. O-O Bd6 11. Re1+ Be6 12. Qh5 h6 13. Be3 O-O 14. h4 Rfe8 15. Bd4 Qf4 16. g3 Qg4 17. Qxg4 Bxg4 18. Rxe8+ Rxe8 19. Bxa7 c5 20. c4 dxc4 21. Bxc4 Bf3 22. a4 g5 23. hxg5 hxg5 24. a5 Kg7 25. Bf1 f5 26. Bb6 f4 27. gxf4 gxf4 28. Bg2 Bxg2 29. Kxg2 Kf6 30. Rd1 Re6 31. Kf3 c4 32. c3 Ke7 33. Rd4 Rh6 34. Rxc4 Rh3+ 35. Kg4 Rh2 36. b4 Rg2+ 37. Kf3 Rh2 38. Bc5 Rh3+ 39. Kg4 Rd3 40. Bxd6+ Rxd6 41. Kxf4 Rf6+ 42. Ke3 Kd6 43. Rd4+ Kc6 44. f4 Rh6 45. Rc4+ Kb5 46. Rc5+ Ka6 47. f5 Rh1 48. Kf4 Rf1+ 49. Kg5 Rg1+ 50. Kh6 b6 51. axb6 Kxb6 52. f6 Rf1 53. Kg7 Rg1+ 54. Kh6 Rh1+ 55. Kg6 Rg1+ 56. Rg5 Rd1 57. f7 Rd8 58. Kg7 1-0


[Site "https://www.chess.com"]

[Event "Titled Tuesday Blitz January 31 Early 2023"]
[White "Dominguez Perez, Leinier"]
[Black "Postny, Evgeny"]
[WhiteFideId "3503240"]
[BlackFideId "2804344"]
[WhiteElo "2739"]
[BlackElo "2549"]
[Result "1-0"]
[Round "08"]
[TimeControl "180+2"]
[Date "2023.01.31"]
[WhiteClock "0:00:01"]
[BlackClock "0:00:01"]

1. d4 d5 2. Nf3 Nf6 3. e3 Bg4 4. Bd3 e6 5. Nbd2 Bd6 6. h3 Bh5 7. b3 O-O 8. Bb2 c5 9. dxc5 Bxc5 10. O-O Nc6 11. c4 d4 12. Qe2 dxe3 13. fxe3 Bg6 14. Bxg6 hxg6 15. Bxf6 gxf6 16. Ne4 Qe7 17. Rad1 f5 18. Nxc5 Qxc5 19. Rd7 Rad8 20. Rxb7 a6 21. Qf2 Rd3 22. Rc7 Qd6 23. Rxc6 Qxc6 24. Ne5 Qe4 25. Nxd3 Qxd3 26. Rc1 Rc8 27. c5 Rc6 28. b4 Qa3 29. Qd2 a5 30. bxa5 Rxc5 31. Rxc5 Qxc5 32. Qd8+ Kh7 33. Qb6 Qc1+ 34. Kh2 f4 35. exf4 Qxf4+ 36. Kh1 Qf1+ 37. Qg1 Qb5 38. Qe1 Qa4 39. Qd2 Kg7 40. Qc3+ Kh7 41. a3 Qd1+ 42. Kh2 Qd6+ 43. Kg1 Qd1+ 44. Kf2 Qd6 45. Ke2 Qa6+ 46. Kd2 Qd6+ 47. Kc1 Qa6 48. g3 Qf1+ 49. Kb2 Qb5+ 50. Qb4 Qe2+ 51. Kb3 Qd3+ 52. Qc3 Qb5+ 53. Ka2 Qe2+ 54. Kb1 Qf1+ 55. Kc2 Qe2+ 56. Qd2 Qc4+ 57. Kb2 Qb5+ 58. Kc1 Qc4+ 59. Kd1 Qf1+ 60. Kc2 Qc4+ 61. Qc3 Qe2+ 62. Kc1 Qf1+ 63. Kb2 Qb5+ 64. Qb4 Qe2+ 65. Kc3 Qe3+ 66. Kc4 Qe4+ 67. Kc5 Qd5+ 68. Kb6 Qd8+ 69. Kb7 Qd7+ 70. Kb8 Qd8+ 71. Kb7 Qd7+ 72. Ka6 Qc6+ 73. Qb6 Qa8+ 74. Kb5 Qd5+ 75. Qc5 Qb7+ 76. Ka4 Qe4+ 77. Qb4 Qc6+ 78. Kb3 Qd5+ 79. Qc4 Qf3+ 80. Kb4 Qb7+ 81. Kc5 Qc7+ 82. Kb5 Qb7+ 83. Ka4 Qa7 84. a6 Qb6 85. Qb5 Qd4+ 86. Ka5 Qa7 87. Qb6 Qd7 88. a7 Qd5+ 89. Qb5 Qa8 90. Ka6 Qc8+ 91. Ka5 Qc7+ 92. Qb6 Qc3+ 93. Ka6 Qxa3+ 94. Kb7 Qe7+ 95. Qc7 Qb4+ 96. Kc8 Qe4 97. Qxf7+ Kh8 98. Qf8+ Kh7 99. Qf7+ Kh8 100. Qb7 Qc4+ 101. Qc7 1-0


[Site "https://www.chess.com"]

[Event "Titled Tuesday Blitz January 31 Early 2023"]
[White "Vokhidov, Shamsiddin"]
[Black "Sattarov, Bobir"]
[WhiteFideId "14204223"]
[BlackFideId "14203081"]
[WhiteElo "2586"]
[BlackElo "2366"]
[Result "1-0"]
[Round "08"]
[TimeControl "180+2"]
[Date "2023.01.31"]
[WhiteClock "0:00:31"]
[BlackClock "0:01:03"]

1. e4 e5 2. Nf3 Nc6 3. Bb5 a6 4. Ba4 Bc5 5. c3 Qf6 6. O-O Nge7 7. d4 exd4 8. Bg5 Qg6 9. Bxe7 Bxe7 10. cxd4 O-O 11. Nc3 d6 12. Nd5 Bd8 13. Re1 Bg4 14. Bxc6 bxc6 15. Ne3 Qxe4 16. Nxg4 Qxg4 17. Rc1 Rb8 18. Qe2 Qd7 19. b3 Rb6 20. Rc3 Bf6 21. h3 h6 22. Qc2 Re8 23. Rc1 a5 24. Rxc6 Rxc6 25. Qxc6 Qxc6 26. Rxc6 Re2 27. a4 Rb2 28. Rxc7 Rxb3 29. Ra7 Rb1+ 30. Kh2 Rb4 31. Rxa5 Bxd4 32. Nxd4 Rxd4 33. Kg3 g5 34. Kf3 Kg7 35. Ke3 Rb4 36. Ra6 h5 37. a5 Ra4 38. g3 f6 39. Ra8 Kg6 40. a6 Kf5 41. a7 h4 42. g4+ Ke5 43. Re8+ Kd5 44. a8=Q+ 1-0


[Site "https://www.chess.com"]

[Event "Titled Tuesday Blitz January 31 Early 2023"]
[White "Iliaguev, Nisim"]
[Black "Sarana, Alexey"]
[WhiteFideId "2817276"]
[BlackFideId "24133795"]
[WhiteElo "2402"]
[BlackElo "2685"]
[Result "1-0"]
[Round "08"]
[TimeControl "180+2"]
[Date "2023.01.31"]
[WhiteClock "0:00:09"]
[BlackClock "0:00:39"]

1. d4 Nf6 2. Nf3 d5 3. g3 c6 4. Bg2 Bf5 5. O-O h6 6. c4 e6 7. Ne5 Nbd7 8. Nxd7 Qxd7 9. Qb3 Bd6 10. Nc3 O-O 11. Re1 Rfe8 12. e4 dxe4 13. Nxe4 Nxe4 14. Bxe4 Bxe4 15. Rxe4 e5 16. dxe5 Bxe5 17. Bf4 Bxf4 18. Rxf4 Re2 19. Rd1 Qe7 20. Rfd4 Re8 21. Kg2 Qf6 22. Rf4 Qe7 23. Qc3 g5 24. Rf3 Qe4 25. Rd4 Qe6 26. h4 g4 27. Rff4 h5 28. c5 Re1 29. Qd3 Qxa2 30. Rf5 Qa1 31. Rxg4+ hxg4 32. Rg5+ Kf8 33. Qd6+ R8e7 34. Qh6+ Ke8 35. Rg8+ Kd7 36. Qd6# 1-0


[Site "https://www.chess.com"]

[Event "Titled Tuesday Blitz January 31 Early 2023"]
[White "Kukhmazov, Arsen"]
[Black "Duda, Jan-Krzysztof"]
[WhiteFideId "24108260"]
[BlackFideId "1170546"]
[WhiteElo "2512"]
[BlackElo "2724"]
[Result "0-1"]
[Round "08"]
[TimeControl "180+2"]
[Date "2023.01.31"]
[WhiteClock "0:00:03"]
[BlackClock "0:00:47"]

1. d4 c6 2. c4 Na6 3. Nc3 Nc7 4. Bf4 d6 5. e3 Nf6 6. h3 h6 7. Nf3 g5 8. Bg3 Bg7 9. Bd3 Bd7 10. Qc2 b5 11. Ne4 Nxe4 12. Bxe4 bxc4 13. Nd2 d5 14. Bf3 Nb5 15. h4 g4 16. Be2 Nd6 17. h5 Qb6 18. b3 c5 19. bxc4 cxd4 20. c5 Qc6 21. Rc1 Nf5 22. Bxg4 Nxg3 23. Bxd7+ Kxd7 24. fxg3 dxe3 25. Nf3 d4 26. O-O Rad8 27. Qc4 Ke8 28. Rcd1 Qd5 29. Qa4+ Kf8 30. Rd3 Qxc5 31. Qb3 Bf6 32. Re1 Kg7 33. g4 Rb8 34. Qa4 Rb4 35. Qd7 e6 36. g5 hxg5 37. Nh2 Rd8 38. h6+ Kg6 0-1


[Site "https://www.chess.com"]

[Event "Titled Tuesday Blitz January 31 Early 2023"]
[White "Pranav, V"]
[Black "Cherniaiev, Tykhon"]
[WhiteFideId "25060783"]
[BlackFideId "14182360"]
[WhiteElo "2597"]
[BlackElo "2330"]
[Result "1-0"]
[Round "08"]
[TimeControl "180+2"]
[Date "2023.01.31"]
[WhiteClock "0:01:15"]
[BlackClock "0:00:17"]

1. e4 e5 2. Nf3 Nc6 3. Bc4 Nf6 4. Ng5 d5 5. exd5 Na5 6. Bb5+ c6 7. dxc6 bxc6 8. Bd3 Nd5 9. Nf3 Bd6 10. O-O O-O 11. Re1 f5 12. Nxe5 Qf6 13. Nf3 g5 14. c4 Nf4 15. Bf1 g4 16. d4 gxf3 17. Qxf3 Ne6 18. Qc3 Bc7 19. b4 Nb7 20. c5 a5 21. b5 cxb5 22. Bxb5 Rd8 23. Bc4 Kh8 24. Bb2 Nxd4 25. Nd2 Nxc5 26. Nf3 Bb7 27. Qxd4 Rxd4 28. Bxd4 Qxd4 29. Nxd4 Ne4 30. Rab1 Ba6 31. Bxa6 Rxa6 32. Nxf5 Nf6 33. Re7 Rc6 34. g3 Rc2 35. Rxc7 Rxc7 36. Rb8+ Ng8 37. Nh6 Rg7 38. Rxg8+ Rxg8 39. Nxg8 Kxg8 40. f4 Kf7 41. Kf2 Ke6 42. Ke3 Kd5 43. g4 Kc4 44. f5 Kc3 45. f6 a4 46. f7 Kb2 47. f8=Q Kxa2 48. Qb4 a3 49. Kd2 Ka1 50. Kc2 Ka2 51. Qb1# 1-0


[Site "https://www.chess.com"]

[Event "Titled Tuesday Blitz January 31 Early 2023"]
[White "Salimova, Nurgyul"]
[Black "Svane, Rasmus"]
[WhiteFideId "2915138"]
[BlackFideId "4657101"]
[WhiteElo "2391"]
[BlackElo "2623"]
[Result "1/2-1/2"]
[Round "08"]
[TimeControl "180+2"]
[Date "2023.01.31"]
[WhiteClock "0:00:16"]
[BlackClock "0:00:13"]

1. d4 Nf6 2. Nf3 d5 3. c4 e6 4. g3 h6 5. Bg2 Bd6 6. O-O O-O 7. Nbd2 b6 8. Qc2 Bb7 9. b3 Nbd7 10. Bb2 Rc8 11. Rad1 Qe7 12. Qb1 c5 13. dxc5 bxc5 14. cxd5 exd5 15. Nh4 Qe6 16. Nf5 Be5 17. Ba3 g6 18. Ne3 Ba6 19. Bf3 Rfd8 20. Rfe1 Bd4 21. Nc2 Bc3 22. Bb2 d4 23. Bxc3 dxc3 24. Nf1 Ne5 25. Qa1 Rxd1 26. Qxd1 Qb6 27. Qa1 Qa5 28. Bg2 Rd8 29. a3 Bb5 30. f4 Nc6 31. a4 Nd4 32. Nxd4 cxd4 33. axb5 Qxb5 34. Qb1 a5 35. Qc2 Rb8 36. Rd1 Qxb3 37. Qxb3 Rxb3 38. Rxd4 c2 39. Rc4 Rb2 40. Kf2 a4 41. Ne3 Ng4+ 42. Nxg4 a3 43. Ne3 a2 44. Rc8+ Kg7 45. Nxc2 Rxc2 46. Rxc2 a1=Q 47. Rd2 Qc3 48. Rd3 Qc5+ 49. Kf1 Qc1+ 50. Kf2 Qc5+ 51. Kf1 Qb6 52. Bf3 Qa7 53. Kg2 Qc5 54. Kf1 Qe7 55. Kg2 g5 56. fxg5 hxg5 57. Rd5 Kg6 58. g4 Qe3 59. h3 f6 60. Rd3 Qe5 61. Rd5 Qe6 62. Rd3 Kh6 63. Rd5 Qe3 64. Rd3 Qe5 65. Rd5 Qe6 66. Rd3 Kg7 67. Rd5 Kf8 68. Rd3 Ke7 69. Kf2 Qb6+ 70. Kg2 Ke6 71. Rd5 Qa7 72. Rf5 Qe3 73. Rd5 Qc1 74. Rf5 Qd2 75. Rd5 Qe1 76. Rf5 Qc3 77. Rd5 Qc1 78. Rf5 Qe1 79. Rd5 Kf7 80. Rf5 Kg6 81. Rd5 Qc1 82. Rf5 Qe3 83. Rd5 Kf7 84. Rf5 Ke6 85. Rd5 Qc3 86. Rf5 Qd2 87. Rd5 Qc2 88. Rf5 Qb2 89. Rd5 Qa1 90. Rf5 Kd6 91. Rd5+ Kc7 92. Rf5 Kb6 93. Rd5 Kc7 94. Rf5 Kd6 95. Rd5+ Ke7 96. Rf5 Kf7 97. Rd5 Kg7 98. Rf5 Qe1 99. Rd5 Qh4 100. Rf5 Qh8 101. Rd5 Qe8 102. Rf5 Qe3 103. Rd5 Kf7 104. Rf5 Ke7 105. Rd5 Ke6 106. Rf5 Qd2 1/2-1/2


[Site "https://www.chess.com"]

[Event "Titled Tuesday Blitz January 31 Early 2023"]
[White "Azarov, Sergei"]
[Black "Svane, Frederik"]
[WhiteFideId "13501470"]
[BlackFideId "12923044"]
[WhiteElo "2582"]
[BlackElo "2600"]
[Result "1-0"]
[Round "08"]
[TimeControl "180+2"]
[Date "2023.01.31"]
[WhiteClock "0:00:10"]
[BlackClock "0:00:03"]

1. e4 c5 2. Nf3 e6 3. d4 cxd4 4. Nxd4 Nc6 5. Nc3 Qc7 6. Be2 Nf6 7. O-O a6 8. Be3 d6 9. f4 Be7 10. Kh1 O-O 11. a4 Bd7 12. Qe1 Nxd4 13. Bxd4 Bc6 14. Qg3 Rad8 15. Rae1 Ne8 16. Bd3 Bf6 17. Bxf6 Nxf6 18. e5 dxe5 19. fxe5 Nd5 20. Qh4 h6 21. Nxd5 Rxd5 22. Qe4 g6 23. Rf6 Rfd8 24. Qf4 Rd4 25. Qg3 Be8 26. Ref1 Kg7 27. h3 R8d5 28. Qf2 Rxe5 29. Rxg6+ fxg6 30. Qf8+ Kh7 31. Qxe8 Rf5 32. Re1 Rd7 33. Qxe6 Rdf7 34. Bxf5 Rxf5 35. c3 Rf7 36. Qd5 Qf4 37. Qe4 h5 38. Qxf4 Rxf4 39. Re7+ Kh6 40. b3 b5 41. axb5 axb5 42. Rc7 b4 43. cxb4 Rxb4 44. Rc3 Kg5 45. Rf3 Re4 46. Kg1 Re2 47. Rf2 Re4 48. Rb2 Rb4 49. Kf2 Kf4 50. g3+ Ke4 51. Kg2 Kd3 52. h4 Rb6 53. Rf2 Ke4 54. Rf4+ Ke5 55. b4 Rb5 56. Rc4 Rb6 57. Rf4 Rd6 58. Rf2 Rb6 59. Re2+ Kd4 60. Rb2 Kc3 61. Rb1 Kc2 62. Rf1 Rxb4 63. Rf6 Rg4 64. Kf3 Kd3 65. Rf4 Rxf4+ 66. Kxf4 Ke2 67. Kg5 Kf3 68. Kxg6 Kg4 69. Kh6 Kh3 70. Kxh5 Kh2 1-0


[Site "https://www.chess.com"]

[Event "Titled Tuesday Blitz January 31 Early 2023"]
[White "Nouri, Alekhine"]
[Black "Drygalov, Sergey"]
[WhiteFideId "5216184"]
[BlackFideId "24171743"]
[WhiteElo "2257"]
[BlackElo "2547"]
[Result "0-1"]
[Round "08"]
[TimeControl "180+2"]
[Date "2023.01.31"]
[WhiteClock "0:00:27"]
[BlackClock "0:01:40"]

1. e4 c5 2. Nc3 d6 3. Bb5+ Bd7 4. Bxd7+ Nxd7 5. d4 cxd4 6. Qxd4 Ngf6 7. Bg5 e5 8. Qd2 a6 9. Nge2 h6 10. Bxf6 Nxf6 11. O-O-O Rc8 12. f4 Qc7 13. Rhf1 Be7 14. Ng3 g6 15. f5 b5 16. Kb1 Qc4 17. fxg6 fxg6 18. Rxf6 Bxf6 19. Qxd6 Qc6 20. Qd2 Bg5 21. Qe2 O-O 22. Nd5 Qc4 23. Qxc4 bxc4 24. b3 cxb3 25. axb3 Rf2 26. c4 Rxg2 27. Rd3 h5 28. Nb6 Rf8 29. Nd7 Rff2 0-1


[Site "https://www.chess.com"]

[Event "Titled Tuesday Blitz January 31 Early 2023"]
[White "Ter-Sahakyan, Samvel"]
[Black "Bilych, Olexiy"]
[WhiteFideId "13302531"]
[BlackFideId "14156504"]
[WhiteElo "2617"]
[BlackElo "2441"]
[Result "1-0"]
[Round "08"]
[TimeControl "180+2"]
[Date "2023.01.31"]
[WhiteClock "0:00:04"]
[BlackClock "0:00:12"]

1. d4 Nf6 2. c4 e6 3. Nf3 d5 4. Nc3 c5 5. cxd5 cxd4 6. Qxd4 exd5 7. Bg5 Be7 8. e3 O-O 9. Be2 Be6 10. O-O h6 11. Bh4 Nc6 12. Qd3 Qb6 13. Rfd1 Rfd8 14. h3 Kf8 15. a3 Rac8 16. b4 a6 17. Rac1 g6 18. Na4 Qa7 19. Nc5 Bf5 20. Qc3 Kg7 21. Nd4 Nxd4 22. Qxd4 g5 23. Ne6+ Bxe6 24. Qxa7 gxh4 25. Qxb7 Bd6 26. Qxa6 Ra8 27. Qd3 d4 28. exd4 Nd5 29. Bg4 Nf4 30. Qd2 Bd5 31. Rc3 Re8 32. Bf3 Bxf3 33. Rxf3 Re2 34. Qc3 Rae8 35. d5+ Be5 36. Qxe5+ R8xe5 37. Rxf4 Ra2 38. d6 Re8 39. Rg4+ Kf6 40. Rxh4 Rxa3 41. Rxh6+ Kg7 42. Rh4 Rb3 43. Rhd4 Rd8 44. R1d2 f5 45. g3 Kf6 46. Kg2 Ke5 47. d7 Ra3 48. Rd5+ Ke6 49. b5 Rb3 50. Rd6+ Ke5 51. b6 f4 52. R2d5+ Ke4 53. Rd4+ Ke5 54. gxf4+ Kf5 55. Kf1 Rb2 56. Ke1 Ra8 57. d8=Q Ra1+ 58. Rd1 Re2+ 59. Kxe2 Ra2+ 60. R6d2 Rxd2+ 1-0


[Site "https://www.chess.com"]

[Event "Titled Tuesday Blitz January 31 Early 2023"]
[White "Kravtsiv, Martyn"]
[Black "Hambleton, Aman"]
[WhiteFideId "14113147"]
[BlackFideId "2606577"]
[WhiteElo "2598"]
[BlackElo "2420"]
[Result "0-1"]
[Round "08"]
[TimeControl "180+2"]
[Date "2023.01.31"]
[WhiteClock "0:00:22"]
[BlackClock "0:00:03"]

1. e4 c5 2. Nf3 e6 3. d4 cxd4 4. Nxd4 Nc6 5. Nc3 Qc7 6. Be2 a6 7. O-O b5 8. Nxc6 Qxc6 9. Bf3 Bb7 10. a4 b4 11. Ne2 Bc5 12. c3 bxc3 13. Nxc3 Ne7 14. h4 Ng6 15. h5 Ne5 16. Bf4 Nxf3+ 17. Qxf3 Bd4 18. Rfe1 O-O 19. Rad1 Bxc3 20. bxc3 f5 21. Qg3 fxe4 22. Be5 Rf7 23. h6 g6 24. Rd6 Qxa4 25. Rb1 Bc6 26. Bd4 Raf8 27. Qe5 Rf6 28. g4 Qc2 29. Rb8 Qd1+ 30. Kh2 Qxg4 31. Rxf8+ Kxf8 32. Qxf6+ Ke8 33. Bc5 Qh5+ 34. Kg3 Qxc5 35. Qxe6+ dxe6 0-1


[Site "https://www.chess.com"]

[Event "Titled Tuesday Blitz January 31 Early 2023"]
[White "Samunenkov, Ihor"]
[Black "Ioannidis, Evgenios"]
[WhiteFideId "14187086"]
[BlackFideId "4229274"]
[WhiteElo "2501"]
[BlackElo "2467"]
[Result "1-0"]
[Round "08"]
[TimeControl "180+2"]
[Date "2023.01.31"]
[WhiteClock "0:02:27"]
[BlackClock "0:00:55"]

1. e4 e5 2. Nf3 Nc6 3. Bb5 a6 4. Ba4 Nf6 5. Nc3 b5 6. Bb3 Bc5 7. O-O d6 8. Nd5 O-O 9. d4 Nxd4 10. Nxd4 Bxd4 11. c3 Ba7 12. Bg5 c6 13. Nxf6+ gxf6 14. Bh6 Re8 15. Qf3 Kh8 16. Bxf7 Rf8 17. Bxf8 1-0


[Site "https://www.chess.com"]

[Event "Titled Tuesday Blitz January 31 Early 2023"]
[White "Fernandez Guillen, Ernesto J."]
[Black "Kamsky, Gata"]
[WhiteFideId "3512428"]
[BlackFideId "2000024"]
[WhiteElo "2477"]
[BlackElo "2665"]
[Result "0-1"]
[Round "08"]
[TimeControl "180+2"]
[Date "2023.01.31"]
[WhiteClock "0:00:07"]
[BlackClock "0:00:09"]

1. e4 e5 2. Nf3 Nc6 3. d4 exd4 4. Bc4 Nf6 5. O-O Nxe4 6. Re1 d5 7. Bxd5 Qxd5 8. Nc3 Qd8 9. Nxe4 Be7 10. Bg5 O-O 11. Bxe7 Qxe7 12. Nxd4 Bd7 13. Qh5 h6 14. Nc5 Qd6 15. Nb5 Bg4 16. Nxd6 Bxh5 17. Ndxb7 Rab8 18. f3 Bg6 19. Re3 Bf5 20. Rae1 Bc8 21. Re8 Bxb7 22. Rxf8+ Rxf8 23. Nxb7 Rb8 24. Nc5 Rxb2 25. Re8+ Kh7 26. Nd7 Kg6 27. Rc8 Rxc2 28. Rxc7 Kf5 29. h4 g5 30. hxg5 hxg5 31. a4 Nd4 32. Rxa7 Ne2+ 33. Kf2 Nf4+ 34. Ke3 Re2+ 35. Kd4 Nxg2 36. Nc5 f6 37. a5 Nh4 38. Kd3 Ra2 39. a6 Nxf3 40. Rc7 Ne5+ 41. Kd4 g4 42. a7 g3 43. Rg7 g2 44. Ne4 Nf3+ 45. Ke3 g1=Q+ 46. Rxg1 Nxg1 47. Nd6+ Ke6 48. Nb5 Kd7 49. Kd4 Kc6 50. Kc4 Kb7 51. Kc5 Ra5 52. Kb4 Rxb5+ 53. Kxb5 Kxa7 54. Kc4 Nf3 55. Kd5 Ng5 56. Kd6 Kb6 57. Kd5 Kc7 58. Kd4 Kd6 0-1


[Site "https://www.chess.com"]

[Event "Titled Tuesday Blitz January 31 Early 2023"]
[White "Ozen, Bahadir"]
[Black "Csonka, Balazs"]
[WhiteFideId "6337058"]
[BlackFideId "742910"]
[WhiteElo "2369"]
[BlackElo "2496"]
[Result "1/2-1/2"]
[Round "08"]
[TimeControl "180+2"]
[Date "2023.01.31"]
[WhiteClock "0:00:11"]
[BlackClock "0:00:04"]

1. g3 d5 2. Nf3 c6 3. Bg2 Bf5 4. d3 e6 5. Nh4 Bg4 6. h3 Bh5 7. O-O Nd7 8. Qe1 Be7 9. f4 Bxh4 10. gxh4 Ne7 11. e4 O-O 12. Qg3 Ng6 13. Qg5 Qxg5 14. hxg5 dxe4 15. dxe4 e5 16. f5 Nf4 17. Bxf4 exf4 18. Nc3 Ne5 19. Rxf4 Rfd8 20. Rf2 Rd4 21. a4 a5 22. b3 Rad8 23. Raf1 f6 24. gxf6 gxf6 25. Kh2 Kf8 26. Kg3 Ke7 27. Bh1 Rg8+ 28. Kf4 Nf7 29. Ke3 Rgd8 30. Rg1 Kf8 31. Rfg2 Ne5 32. Rg8+ Ke7 33. R1g7+ Bf7 34. Rxd8 Rxd8 35. Bf3 h6 36. Be2 Kf8 37. Rg1 Ke7 38. Na2 Rb8 39. Nc1 Rg8 40. Rxg8 Bxg8 41. Nd3 Nxd3 42. Bxd3 Kd6 43. Kf4 Bf7 44. Be2 Be8 45. h4 Bf7 46. Bf3 Be8 47. Be2 Bf7 48. Bf3 Be8 49. Be2 1/2-1/2


[Site "https://www.chess.com"]